 Dungeon Crawl Stone Soup version 0.27.1-3-gb3d3a73c9e (webtiles) character file.

Game seed: 9154494252794633349

158752 DearestLeader the Cleaver (level 17, -6/204 HPs)
             Began as a Gnoll Wanderer on Oct 19, 2021.
             Was the Champion of Okawaru.
             Mangled by a naga (19 damage)
             ... on level 4 of the Snake Pit.
             The game lasted 01:16:26 (46303 turns).

DearestLeader the Cleaver (Gnoll Wanderer)         Turns: 46303, Time: 01:16:28

Health: -6/204     AC: 26    Str: 25    XL:     17   Next: 72%
Magic:  32/32      EV: 15    Int: 16    God:    Okawaru [******]
Gold:   853        SH: 12    Dex: 12    Spells: 22/39 levels left

rFire    + . .     SeeInvis .   D - +7 flail "Oxyst" {vorpal, rF+ Int+2}
rCold    + + .     Faith    .   F - +0 buckler "Asogge" {Str+5 Dex-2 Slay+6}
rNeg     . . .     Spirit   .   Q - +0 ice dragon scales
rPois    +         Reflect  +   c - +4 hat of the Saviour {rF+ Str+2 Int+4}
rElec    .         Harm     .   T - +2 cloak {Will+}
rCorr    .         Rampage  .   f - +0 pair of gloves {Stlth+}
Will     ++...                  z - +2 pair of boots {Fly}
Stlth    ..........             y - amulet of reflection
HPRegen  0.44/turn              k - ring of poison resistance
MPRegen  0.23/turn              E - +4 ring of evasion

@: berserking, flying, constricted, very quick
A: fangs 1, strong nose, distributed training
a: Renounce Religion, Heroism, Finesse


You were on level 4 of the Snake Pit.
You worshipped Okawaru.
Okawaru was exalted by your worship.
You visited 5 branches of the dungeon, and saw 28 of its levels.
You also visited: Volcano.

You collected 2274 gold pieces.
You spent 1421 gold pieces at shops.

Inventory:

Hand Weapons
 b - the +10 morningstar of Waravane {holy, rF++ rN+ Int-4}
   (You bought it in a shop on level 6 of the Dungeon)

   It has been blessed by the Shining One to cause great damage to the undead
   and demons.
   Int:       It affects your intelligence (-4).
   rF:        It greatly protects you from fire.
   rN:        It protects you from negative energy.
 D - the +7 flail "Oxyst" (weapon) {vorpal, rF+ Int+2}
   (You found it on level 6 of the Dungeon)

   It inflicts extra damage upon your enemies.
   Int:       It affects your intelligence (+2).
   rF:        It protects you from fire.
Missiles
 n - a throwing net
 V - 7 silver javelins (quivered)
Armour
 c - the +4 hat of the Saviour (worn) {rF+ Str+2 Int+4}
   (Okawaru gifted it to you on level 15 of the Dungeon)

   Str:       It affects your strength (+2).
   Int:       It affects your intelligence (+4).
   rF:        It protects you from fire.
 e - a +2 helmet of see invisible
 f - a +0 pair of gloves of stealth (worn)
 z - a +2 pair of boots of flying (worn)
 F - the +0 buckler "Asogge" (worn) {Str+5 Dex-2 Slay+6}
   (You bought it in a shop on level 6 of the Dungeon)

   Str:       It affects your strength (+5).
   Dex:       It affects your dexterity (-2).
   Slay:      It affects your accuracy & damage with ranged weapons and melee
   (+6).
 P - a +2 plate armour of fire resistance
 Q - +0 ice dragon scales (worn)
 T - a +2 cloak of willpower (worn)
Jewellery
 k - a ring of poison resistance (left hand)
 m - a ring of resist corrosion
 s - a ring of positive energy
 v - a +4 ring of protection
 x - a ring of see invisible
 y - an amulet of reflection (around neck)
 E - a +4 ring of evasion (right hand)
 K - an amulet of regeneration
 Z - a ring of positive energy
Wands
 o - a wand of iceblast (27)
 p - a wand of paralysis (4)
 q - a wand of polymorph (14)
 J - a wand of mindburst (34)
 L - a wand of acid (6)
 M - a wand of digging (6)
 X - a wand of flame (58)
Scrolls
 g - a scroll of blinking
 h - 3 scrolls of holy word
 j - 5 scrolls of amnesia
 l - a scroll of brand weapon
 t - 8 scrolls of identify
 u - 7 scrolls of teleportation
 w - a scroll of magic mapping {unknown}
 H - 4 scrolls of enchant armour
 I - a scroll of fog
 O - 4 scrolls of enchant weapon
 Y - 3 scrolls of silence
Potions
 d - 10 potions of curing
 i - 4 potions of magic
 r - 2 potions of resistance
 B - 2 potions of berserk rage
 C - 2 potions of haste
 G - 3 potions of cancellation
 N - 5 potions of brilliance
 R - 3 potions of mutation
 S - 5 potions of might
 U - 3 potions of ambrosia
Miscellaneous
 a - a tin of tremorstones (2/2)


   Skills:
 + Level 13.1 Fighting
 + Level 11.7 Short Blades
 + Level 11.7 Long Blades
 + Level 13.1 Axes
 + Level 11.7 Maces & Flails
 + Level 11.7 Polearms
 + Level 11.7 Staves
 + Level 11.7 Slings
 + Level 11.7 Bows
 + Level 11.7 Crossbows
 + Level 11.7 Throwing
 + Level 12.4 Armour
 + Level 11.7 Dodging
 + Level 11.9 Stealth
 + Level 11.7 Shields
 + Level 11.7 Unarmed Combat
 + Level 11.7 Spellcasting
 + Level 10.0 Conjurations
 + Level 10.0 Hexes
 + Level 10.0 Summonings
 + Level 10.0 Necromancy
 + Level 10.0 Translocations
 + Level 10.0 Transmutations
 + Level 10.0 Fire Magic
 + Level 10.0 Ice Magic
 + Level 10.0 Air Magic
 + Level 10.0 Earth Magic
 + Level 10.0 Poison Magic
 + Level 12.6 Invocations
 + Level 11.9 Evocations


You had 22 spell levels left.
You knew the following spells:

 Your Spells              Type           Power      Damage    Failure   Level
a - Animate Skeleton      Necr           82%        N/A       1%          1
b - Olgreb's Toxic Radia  Pois           41%        N/A       2%          4
c - Swiftness             Air            41%        N/A       1%          3
d - Vampiric Draining     Necr           20%        2d8       1%          3
e - Summon Guardian Gole  Hex/Summ       41%        N/A       1%          3
f - Ozocubu's Armour      Ice            41%        N/A       1%          3

Your spell library contained the following spells:

 Spells                   Type           Power      Damage    Failure   Level
 Apportation              Tloc           82%        N/A       1%          1
 Corona                   Hex            45%        N/A       1%          1
 Magic Dart               Conj           100%       1d8       1%          1
 Pain                     Necr           100%       1d9       1%          1
 Shock                    Conj/Air       100%       1d9       1%          1
 Summon Small Mammal      Summ           100%       N/A       1%          1
 Call Imp                 Summ           41%        N/A       1%          2
 Slow                     Hex            41%        N/A       1%          2
 Call Canine Familiar     Summ           41%        N/A       1%          3
 Confusing Touch          Hex            41%        N/A       1%          3
 Gell's Gravitas          Tloc           20%        N/A       1%          3
 Mephitic Cloud           Conj/Pois/Air  41%        N/A       1%          3
 Stone Arrow              Conj/Erth      82%        3d12      1%          3
 Teleport Other           Tloc           41%        N/A       1%          3
 Tukima's Dance           Hex            41%        N/A       1%          3
 Airstrike                Air            20%        N/A       2%          4
 Animate Armour           Summ/Erth      82%        N/A       2%          4
 Cause Fear               Hex            20%        N/A       2%          4
 Passage of Golubria      Tloc           N/A        N/A       2%          4
 Petrify                  Tmut/Erth      41%        N/A       2%          4
 Metabolic Englaciation   Hex/Ice        20%        N/A       8%          5
 Yara's Violent Unravell  Hex/Tmut       20%        3d9       8%          5
 Dispersal                Tloc           20%        N/A       38%         6
 Simulacrum               Ice/Necr       20%        N/A       38%         6
 Statue Form              Tmut/Erth      27%        N/A       38%         6
 Dragon Form              Tmut           20%        N/A       93%         7
 Ozocubu's Refrigeration  Ice            20%        4d9       93%         7
 Ignition                 Fire           20%        3d7       100%        8
 Lehudib's Crystal Spear  Conj/Erth      20%        10d6      100%        8
 Dragon's Call            Summ           20%        N/A       100%        9


Dungeon Overview and Level Annotations

Branches:
Dungeon (15/15)            Temple (1/1) D:4            Lair (6/6) D:9
 Shoals (0/4) Lair:2        Snake (4/4) Lair:3        Slime (0/5) Lair:6
    Orc (2/2) D:10            Elf (0/3) Orc:2        Vaults (0/5) D:14
 Depths (0/5) D:15        Volcano (visited)

Altars:
Ashenzari
Cheibriados
Dithmenos
Elyvilon
Fedhas
Gozag
Hepliaklqana
Kikubaaqudgha
Makhleb
Nemelex Xobeh
Okawaru
Qazlal
Ru
Sif Muna
Trog
Uskayaw
Vehumet
Wu Jian
Xom
Yredelemnul
Zin
The Shining One
Jiyva

Shops:
D:6 *(![[   Orc:2 [(=*   Snake:1 (==:   Snake:2 [


Innate Abilities, Weirdness & Mutations

You have very sharp teeth.
Your uncanny sense of smell can sniff out nearby items.
Your experience applies equally to all skills.


Message History

The naga warrior constricts you.
You thump the naga warrior!
The naga warrior is heavily wounded.
You closely miss the naga warrior. Your bite misses the naga warrior.
The naga warrior is heavily wounded.
You block the naga warrior's attack. The naga warrior constricts you.
* * * LOW HITPOINT WARNING * * *
You barely miss the naga warrior.
The naga shouts!
You bite the naga warrior, but do no damage.
The naga warrior is heavily wounded.
The naga warrior misses you. The naga warrior constricts you.
* * * LOW HITPOINT WARNING * * *
You sock the naga warrior!
The naga warrior is heavily wounded.
The naga spits poison at you. The splash of poison misses you.
You hit the naga warrior.
The naga warrior is heavily wounded.
You block the naga warrior's attack. The naga warrior constricts you.
You bludgeon the naga warrior!!
The naga warrior is almost dead.
The naga warrior closely misses you. The naga warrior constricts you.
You sock the naga warrior!
The naga warrior is almost dead.
You hit the naga warrior.
The naga warrior is almost dead.
You feel like a meek peon again.
The naga warrior hits you with a +0 battleaxe!!
* * * LOW HITPOINT WARNING * * *
The naga warrior constricts you.
* * * LOW HITPOINT WARNING * * *
A red film seems to cover your vision as you go berserk!
You feel yourself moving faster!
You feel mighty!
The naga warrior roars a battlecry!
The naga goes into a battle-frenzy!
The naga warrior constricts you.
* * * LOW HITPOINT WARNING * * *
The naga hits you from afar with a +0 trident!!
You die...

...##..#.)...._....[... ..
#...#.........#####) #...
..#...'#........# ## #..#
#.#....'.#...#### # ##..#
#.#....#.##### ##
#####...# +.##...#.# #.
........#+##..#+###.# ##
..............N.....#####
#
................@....)).#
#
.......)....)...N...###.##
# ......†.....).......#
#..# #
......########......#
##.#### # ......#
#......## #....# # ......#
#.......# ##.#.## #.
.....(# #..##+#'###.....#
#+ .NN..##
#..#.....##.....# . 8....#
#..#.....##.....##..


You could see a naga warrior and a naga (strong, curare, catching breath).

Vanquished Creatures
  A nagaraja (Snake:3)
  An orc warlord (Orc:2)
  The ghost of bobkasz2 the Protected, a journeyman DsGl of Okawaru (Snake:3)
  The ghost of CuBeRJAN3 the Thaumaturge, a journeyman DEFE of Sif Muna (Orc:2)
  A dire elephant (Lair:6)
  Josephine (Lair:5)
  A fire dragon (D:15)
  The ghost of Destapler the Protected, a journeyman MiFi of Makhleb (D:11)
  An ice dragon (D:15)
  3 salamander tyrants
  A rakshasa (D:14)
  8 hydras
  A vault guard (D:14)
  5 boulder beetles
  3 death knights
  2 catoblepae
  10 anacondas
  6 centaur warriors
  7 naga warriors
  6 two-headed ogres
  A deep troll shaman (Lair:6)
  10 death yaks
  2 orc high priests (Orc:2)
  8 naga sharpshooters
  A tengu warrior (D:13)
  9 shock serpents
  Urug (Lair:3)
  12 slime creatures
  A fire crab (Lair:5)
  6 salamander mystics
  4 naga ritualists
  Pikel (D:7)
  4 orc knights
  3 deep elf pyromancers
  14 salamanders
  8 orc sorcerers
  3 manticores (D:14)
  5 cyclopes
  8 mana vipers
  3 ugly things (D:14)
  An oklob plant (Lair:1)
  A guardian serpent (Snake:4)
  A merfolk siren (Lair:2)
  31 black mambas
  12 elephants
  10 naga magi
  A black mamba (shapeshifter) (D:15)
  A torpor snail (Lair:4)
  3 gargoyles
  An unseen horror (D:13)
  7 rime drakes
  3 freezing wraiths (D:12)
  2 kobold demonologists (D:11)
  10 cane toads
  5 yaktaurs (D:15)
  8 komodo dragons
  A tengu conjurer (D:13)
  6 meliai
  A merfolk (Lair:2)
  A polar bear (Lair:6)
  A queen bee (Lair:4)
  5 trolls
  Grinder (D:3)
  A blink frog (Lair:2)
  A wolf spider simulacrum (D:15)
  2 shadows
  3 water elementals (D:15)
  Sigmund (D:3)
  7 wyverns
  8 wraiths
  3 fire elementals (Volcano)
  63 yaks
  A vampire (D:12)
  8 basilisks
  10 vampire mosquitoes
  6 wargs
  A steam dragon (D:7)
  22 nagas
  12 water moccasins
  A hell hound (Lair:6)
  An acid dragon (D:14)
  A sky beast (D:7)
  36 orc warriors
  An ice beast (D:6)
  5 black bears
  6 ogres
  42 wolves
  14 centaurs
  10 kobold brigands (D:11)
  13 bullfrogs
  2 gnoll sergeants (D:9)
  3 scorpions
  A water moccasin zombie (D:5)
  28 killer bees
  8 wights
  5 electric eels
  4 howler monkeys
  3 centaur zombies
  Crazy Yiuf (D:3)
  21 orc priests
  2 jellies
  4 hounds
  3 centaur skeletons
  7 iguanas
  Ijyb (D:3)
  15 orc wizards
  10 hell rats (Lair:6)
  A killer bee zombie (D:6)
  2 hound skeletons
  6 gnolls
  5 adders
  A shadow imp (D:8)
  A white imp (D:6)
  A worm (D:5)
  A dart slug (D:2)
  58 orcs
  6 bats
  8 endoplasms
  4 giant cockroaches
  5 goblins
  6 hobgoblins
  8 jackals
  3 quokkas
  3 ball pythons
  14 frilled lizards
  5 kobolds
  12 rats
  A bush (D:1)
826 creatures vanquished.

Vanquished Creatures (collateral kills)
  A hydra (Lair:6)
  2 yaks (Lair:5)
  A hell rat (Lair:6)
4 creatures vanquished.

Vanquished Creatures (others)
  An anaconda (Snake:2)
  A naga ritualist (Snake:2)
  A mana viper (Snake:2)
  A black mamba (Snake:2)
  A bush (D:1)
  60 fungi
  63 plants
128 creatures vanquished.

Grand Total: 958 creatures vanquished

Notes
Turn   | Place    | Note
-------+----------+-------------------------------------------
     0 | D:1      | DearestLeader the Gnoll Wanderer began the quest for the
                  | Orb.
     0 | D:1      | DearestLeader set off with the following items: a +2 hand
                  | axe, a +0 shortbow, 27 arrows, a potion of curing, a +0
                  | robe
     0 | D:1      | Reached XP level 1. HP: 23/23 MP: 1/1
   468 | D:1      | Found a faded altar of an unknown god.
   681 | D:1      | Became a worshipper of Ashenzari the Shackled
   871 | D:1      | Reached XP level 2. HP: 29/29 MP: 2/2
   893 | D:1      | Fell from the grace of Ashenzari
  1576 | D:1      | Reached XP level 3. HP: 35/35 MP: 3/3
  2278 | D:2      | Reached skill level 1 in Invocations
  2668 | D:2      | Reached skill level 1 in Short Blades
  2668 | D:2      | Reached skill level 1 in Long Blades
  2668 | D:2      | Reached skill level 1 in Maces & Flails
  2668 | D:2      | Reached skill level 1 in Polearms
  2668 | D:2      | Reached skill level 1 in Staves
  2668 | D:2      | Reached skill level 1 in Slings
  2668 | D:2      | Reached skill level 1 in Bows
  2668 | D:2      | Reached skill level 1 in Crossbows
  2668 | D:2      | Reached skill level 1 in Throwing
  2668 | D:2      | Reached skill level 1 in Dodging
  2668 | D:2      | Reached skill level 1 in Shields
  2668 | D:2      | Reached skill level 1 in Unarmed Combat
  2668 | D:2      | Reached skill level 1 in Spellcasting
  2850 | D:2      | Was forgiven by Ashenzari
  2928 | D:2      | Reached XP level 4. HP: 22/41 MP: 5/5
  3513 | D:3      | Noticed Grinder
  3518 | D:3      | Paralysed by Grinder for 6 turns
  3843 | D:3      | Paralysed by Grinder for 6 turns
  3856 | D:3      | Paralysed by Grinder for 4 turns
  3864 | D:3      | Killed Grinder
  3865 | D:3      | Reached skill level 1 in Conjurations
  3865 | D:3      | Reached skill level 1 in Hexes
  3865 | D:3      | Reached skill level 1 in Summonings
  3865 | D:3      | Reached skill level 1 in Necromancy
  3865 | D:3      | Reached skill level 1 in Translocations
  3865 | D:3      | Reached skill level 1 in Transmutations
  3865 | D:3      | Reached skill level 1 in Fire Magic
  3865 | D:3      | Reached skill level 1 in Ice Magic
  3865 | D:3      | Reached skill level 1 in Air Magic
  3865 | D:3      | Reached skill level 1 in Earth Magic
  3865 | D:3      | Reached skill level 1 in Poison Magic
  3865 | D:3      | Reached XP level 5. HP: 36/47 MP: 5/7
  3865 | D:3      | Reached XP level 6. HP: 41/53 MP: 5/8
  4106 | D:3      | Found a runed translucent door.
  4107 | D:3      | Noticed Crazy Yiuf
  4137 | D:3      | Reached skill level 5 in Armour
  4670 | D:3      | Noticed Ijyb
  4709 | D:3      | Killed Ijyb
  5010 | D:3      | Noticed Sigmund
  5037 | D:3      | Killed Sigmund
  5038 | D:3      | Reached XP level 7. HP: 40/60 MP: 10/10
  5464 | D:3      | Killed Crazy Yiuf
  5608 | D:4      | Found a blossoming altar of Fedhas.
  5614 | D:4      | Identified the +0 dagger of the Shark {drain, rElec Str+4
                  | Dex-2}
  5662 | D:4      | Found a shimmering blue altar of Sif Muna.
  5736 | D:4      | Found a staircase to the Ecumenical Temple.
  5890 | Temple   | Entered the Ecumenical Temple
  6233 | D:4      | Found a bloodstained altar of Trog.
  6359 | D:5      | Entered Level 5 of the Dungeon
  6613 | D:5      | Reached XP level 8. HP: 46/67 MP: 12/12
  6812 | D:5      | Found an iron altar of Okawaru.
  6842 | D:5      | Became a worshipper of Warmaster Okawaru
  7091 | D:5      | Noticed a yak
  7091 | D:5      | Noticed a yak
  7092 | D:5      | Noticed a yak
  7709 | D:6      | Identified the +7 flail "Oxyst" {vorpal, rF+ Int+2}
  7738 | D:6      | Found an opulent altar of Gozag.
  7903 | D:6      | Found Qeig Rekh's Antique Armour Shop.
  7911 | D:6      | Bought a brightly glowing buckler for 161 gold pieces
  7911 | D:6      | Identified the +0 buckler "Asogge" {Str+5 Dex-2 Slay+6}
                  | (You bought it in a shop on level 6 of the Dungeon)
  7917 | D:6      | Found Ubroifoamei's Distillery.
  7964 | D:6      | Reached * piety under Okawaru
  7983 | D:6      | Found Depareab's Serpentskin Sales.
  7990 | D:6      | Reached XP level 9. HP: 61/73 MP: 14/14
  8270 | D:6      | Learned a level 1 spell: Animate Skeleton
  8425 | D:6      | Found Ynoclit's Antique Armour Shoppe.
  8628 | D:6      | Found Omogyfreck's Weapon Emporium.
  8668 | D:5      | Found a snail-covered altar of Cheibriados.
  8778 | D:5      | Found a shadowy altar of Dithmenos.
  8857 | D:5      | Reached ** piety under Okawaru
  8858 | D:5      | Reached skill level 5 in Evocations
  8861 | D:5      | Reached skill level 5 in Stealth
  9194 | D:7      | Noticed Pikel
  9202 | D:7      | HP: 3/74 [orc warrior (6)]
  9208 | D:8      | Reached skill level 5 in Invocations
  9543 | D:8      | Reached XP level 10. HP: 56/80 MP: 11/17
  9652 | D:7      | Killed Pikel
  9652 | D:7      | Reached *** piety under Okawaru
  9653 | D:7      | Reached skill level 5 in Short Blades
  9653 | D:7      | Reached skill level 5 in Long Blades
  9653 | D:7      | Reached skill level 5 in Maces & Flails
  9653 | D:7      | Reached skill level 5 in Polearms
  9653 | D:7      | Reached skill level 5 in Staves
  9653 | D:7      | Reached skill level 5 in Slings
  9653 | D:7      | Reached skill level 5 in Bows
  9653 | D:7      | Reached skill level 5 in Crossbows
  9653 | D:7      | Reached skill level 5 in Throwing
  9653 | D:7      | Reached skill level 5 in Dodging
  9653 | D:7      | Reached skill level 5 in Shields
  9653 | D:7      | Reached skill level 5 in Unarmed Combat
  9653 | D:7      | Reached skill level 5 in Spellcasting
 10374 | D:7      | Received a gift from Okawaru
 10402 | D:7      | Identified the +1 scale mail of Honour {Str+3}
 10942 | D:8      | Found a glowing golden altar of the Shining One.
 10944 | D:8      | Noticed an angel
 10949 | D:8      | Found a basalt altar of Yredelemnul.
 10951 | D:8      | Noticed a profane servitor
 11065 | D:8      | Found a sparkling altar of Nemelex Xobeh.
 11118 | D:8      | Noticed a two-headed ogre
 11125 | D:8      | Killed a two-headed ogre
 11382 | D:9      | Found a hazy altar of Hepliaklqana.
 11424 | D:9      | Reached **** piety under Okawaru
 11480 | D:9      | Found a staircase to the Lair.
 11557 | D:9      | Reached XP level 11. HP: 34/87 MP: 8/19
 12014 | D:9      | Reached ***** piety under Okawaru
 12029 | D:9      | Reached skill level 5 in Conjurations
 12029 | D:9      | Reached skill level 5 in Hexes
 12029 | D:9      | Reached skill level 5 in Summonings
 12029 | D:9      | Reached skill level 5 in Necromancy
 12029 | D:9      | Reached skill level 5 in Translocations
 12029 | D:9      | Reached skill level 5 in Transmutations
 12029 | D:9      | Reached skill level 5 in Fire Magic
 12029 | D:9      | Reached skill level 5 in Ice Magic
 12029 | D:9      | Reached skill level 5 in Air Magic
 12029 | D:9      | Reached skill level 5 in Earth Magic
 12029 | D:9      | Reached skill level 5 in Poison Magic
 12201 | D:9      | Found a burning altar of Makhleb.
 12721 | Lair:1   | Entered Level 1 of the Lair of Beasts
 12758 | Lair:1   | Found a sparkling altar of Nemelex Xobeh.
 12758 | Lair:1   | Noticed an oklob plant
 12772 | Lair:1   | Killed an oklob plant
 12954 | Lair:1   | Received a gift from Okawaru
 13069 | Lair:1   | Found a dark tunnel.
 13076 | Volcano  | Entered a volcano
 13168 | Volcano  | Received a gift from Okawaru
 14266 | Lair:2   | Noticed a four-headed hydra
 14421 | Lair:2   | Killed a four-headed hydra
 14734 | Lair:2   | Reached XP level 12. HP: 58/96 MP: 19/22
 14925 | Lair:2   | Received a gift from Okawaru
 15411 | Lair:2   | Found a staircase to the Shoals.
 16395 | Lair:2   | Reached skill level 10 in Fighting
 16395 | Lair:2   | Reached skill level 10 in Axes
 16401 | Lair:2   | Noticed a four-headed hydra
 16409 | Lair:2   | Killed a four-headed hydra
 16921 | Lair:3   | Noticed a death yak
 16921 | Lair:3   | Noticed a death yak
 16922 | Lair:3   | Noticed a death yak
 16923 | Lair:3   | Noticed a death yak
 16932 | Lair:3   | Killed a death yak
 16932 | Lair:3   | Received a gift from Okawaru
 16940 | Lair:3   | Killed a death yak
 16956 | Lair:3   | Killed a death yak
 16956 | Lair:3   | Killed a death yak
 16956 | Lair:3   | Reached ****** piety under Okawaru
 17323 | Lair:3   | Reached XP level 13. HP: 103/103 MP: 24/24
 17566 | Lair:3   | Learned a level 4 spell: Olgreb's Toxic Radiance
 17570 | Lair:3   | Learned a level 3 spell: Swiftness
 17574 | Lair:3   | Learned a level 3 spell: Vampiric Draining
 17675 | Lair:3   | Found a staircase to the Snake Pit.
 17839 | Lair:3   | You fall into a shaft and drop 3 floors!
 17839 | Lair:6   | Entered Level 6 of the Lair of Beasts
 18909 | Lair:4   | Received a gift from Okawaru
 19481 | Lair:4   | Identified the +3 scale mail of the Teacher {Str+8}
                  | (Okawaru gifted it to you on level 4 of the Lair of Beasts)
 19481 | Lair:4   | Received a gift from Okawaru
 19843 | Lair:3   | Noticed Urug
 19851 | Lair:3   | Killed Urug
 20353 | Lair:5   | Noticed Josephine
 20374 | Lair:5   | Killed Josephine
 20903 | Lair:5   | Reached XP level 14. HP: 72/111 MP: 18/26
 20920 | Lair:5   | Reached skill level 10 in Armour
 22047 | Lair:6   | Found a viscous altar of Jiyva.
 22048 | Lair:6   | Found a staircase to the Slime Pits.
 22371 | Lair:6   | Received a gift from Okawaru
 22563 | Lair:6   | Received a gift from Okawaru
 22752 | Lair:6   | Reached skill level 10 in Invocations
 23294 | Lair:6   | Noticed a dire elephant
 23323 | Lair:6   | Killed a dire elephant
 24095 | D:10     | Entered Level 10 of the Dungeon
 24241 | D:10     | Found a staircase to the Orcish Mines.
 24611 | Orc:1    | Entered Level 1 of the Orcish Mines
 25018 | Orc:1    | Paralysed by an orc sorcerer for 4 turns
 25396 | Orc:2    | Entered Level 2 of the Orcish Mines
 25754 | Orc:2    | Found Nicogy's Antique Weapon Shop.
 25931 | Orc:2    | Received a gift from Okawaru
 26159 | Orc:2    | Noticed an orc warlord
 26543 | Orc:2    | Reached skill level 10 in Evocations
 26843 | Orc:2    | Reached skill level 10 in Stealth
 27174 | Orc:2    | Reached XP level 15. HP: 119/119 MP: 28/28
 27427 | Orc:2    | Killed an orc warlord
 27743 | Orc:2    | Found Weve's Jewellery Emporium.
 27770 | Orc:2    | Found a staircase to the Elven Halls.
 27821 | Orc:2    | Found Foet's General Store.
 27838 | Orc:2    | Found a runed translucent door.
 27841 | Orc:2    | Noticed CuBeRJAN3's ghost (journeyman DEFE)
 27856 | Orc:2    | Killed CuBeRJAN3's ghost
 27932 | Orc:2    | Found Ylataq's Antique Armour Boutique.
 27958 | Orc:2    | Bought a pair of embroidered gloves for 165 gold pieces
 27958 | Orc:2    | Bought a shiny helmet for 165 gold pieces
 28249 | D:6      | Bought the +10 morningstar of Waravane {holy, rF++ rN+
                  | Int-4} for 930 gold pieces
 28442 | D:11     | Found a hide-covered altar of Uskayaw.
 28553 | D:11     | Found a runed translucent gate.
 28553 | D:11     | Found a runed translucent gate.
 28553 | D:11     | Found a runed translucent gate.
 28553 | D:11     | Noticed Destapler's ghost (journeyman MiFi)
 28579 | D:11     | Killed Destapler's ghost
 28961 | D:11     | Reached skill level 10 in Short Blades
 28961 | D:11     | Reached skill level 10 in Long Blades
 28961 | D:11     | Reached skill level 10 in Maces & Flails
 28961 | D:11     | Reached skill level 10 in Polearms
 28961 | D:11     | Reached skill level 10 in Staves
 28961 | D:11     | Reached skill level 10 in Slings
 28961 | D:11     | Reached skill level 10 in Bows
 28961 | D:11     | Reached skill level 10 in Crossbows
 28961 | D:11     | Reached skill level 10 in Throwing
 28961 | D:11     | Reached skill level 10 in Dodging
 28961 | D:11     | Reached skill level 10 in Shields
 28961 | D:11     | Reached skill level 10 in Unarmed Combat
 28961 | D:11     | Reached skill level 10 in Spellcasting
 29697 | D:11     | Identified the +1 plate armour of Melancholy {rF+ Will+
                  | Str-2 Dex+4}
 29764 | D:12     | Received a gift from Okawaru
 31072 | D:13     | Received a gift from Okawaru
 33353 | D:14     | Reached XP level 16. HP: 113/127 MP: 26/30
 33402 | D:14     | Found a gate to the Vaults.
 34074 | D:15     | Entered Level 15 of the Dungeon
 34812 | D:15     | Received a gift from Okawaru
 34906 | D:15     | HP: 4/190 [death knight (23)]
 35077 | D:15     | Identified the +4 hat of the Saviour {rF+ Str+2 Int+4}
                  | (Okawaru gifted it to you on level 15 of the Dungeon)
 35077 | D:15     | Received a gift from Okawaru
 36401 | D:15     | Found a staircase to the Depths.
 36695 | Snake:1  | Entered Level 1 of the Snake Pit
 37668 | Snake:1  | Found Pefy's Antique Weapon Boutique.
 37749 | Snake:1  | Found Voanin's Book Boutique.
 37749 | Snake:1  | Found Giduotom's Jewellery Emporium.
 37750 | Snake:1  | Found Nuviqusk's Jewellery Emporium.
 38239 | Snake:1  | Received a gift from Okawaru
 39431 | Snake:2  | Learned a level 3 spell: Summon Guardian Golem
 39944 | Snake:2  | Learned a level 3 spell: Ozocubu's Armour
 40346 | Snake:2  | Found Bih Urchu's Specialty Armours.
 40885 | Snake:2  | Reached XP level 17. HP: 125/135 MP: 30/32
 42098 | Snake:3  | Found a runed translucent gate.
 42098 | Snake:3  | Found a runed translucent gate.
 42098 | Snake:3  | Found a runed translucent gate.
 42121 | Snake:3  | Noticed bobkasz2's ghost (journeyman DsGl)
 43930 | Snake:3  | Identified the +6 scale mail "Mygrat" {Harm rPois Slay+2
                  | Stlth+} (Okawaru gifted it to you on level 3 of the Snake
                  | Pit)
 43930 | Snake:3  | Received a gift from Okawaru
 44412 | Snake:3  | Identified the +2 ring mail of Ahak {Drain rElec Will++
                  | Dex+2}
 44626 | Snake:3  | Killed bobkasz2's ghost
 44777 | Snake:4  | Entered Level 4 of the Snake Pit
 44792 | Snake:4  | Found a shimmering blue altar of Sif Muna.
 46030 | Snake:4  | Reached skill level 10 in Conjurations
 46030 | Snake:4  | Reached skill level 10 in Hexes
 46030 | Snake:4  | Reached skill level 10 in Summonings
 46030 | Snake:4  | Reached skill level 10 in Necromancy
 46030 | Snake:4  | Reached skill level 10 in Translocations
 46030 | Snake:4  | Reached skill level 10 in Transmutations
 46030 | Snake:4  | Reached skill level 10 in Fire Magic
 46030 | Snake:4  | Reached skill level 10 in Ice Magic
 46030 | Snake:4  | Reached skill level 10 in Air Magic
 46030 | Snake:4  | Reached skill level 10 in Earth Magic
 46030 | Snake:4  | Reached skill level 10 in Poison Magic
 46303 | Snake:4  | Mangled by a naga

Illustrated notes

Levels and vault maps discovered:
D:1:      dpeg_arrival_ratfight, layout_basic, serial_forest,
          infiniplex_forest_clump_small, infiniplex_forest_end_2,
          infiniplex_forest_straight_3, infiniplex_forest_corner_1,
          infiniplex_forest_lined_2, ebering_ecumenical_altar_sacrificial,
          minmay_lizard_king
D:2:      minmay_thinvault, layout_basic, grunt_ministairs_4,
          chequers_mini_garden
D:3:      layout_loops_ring, grunt_ministairs_5, uniq_sigmund,
          uniq_crazy_yiuf_cottage, uniq_grinder, uniq_ijyb
D:4:      layout_rooms, lemuel_round_altar, nicolae_sif_muna_condensation,
          mainiacjoe_overflow_alcove_4, minmay_temple_entry_nine_rooms,
          minmay_liquid_box
D:5:      layout_layer_cave, nicolae_overflow_crystal_walls,
          mainiacjoe_overflow_surrounded_room, old_standard_altar
D:6:      layout_gridville, grunt_gozag_statues, serial_shops,
          nicolae_shop_trees, shop, kennysheep_little_box, nicolae_square_shop,
          guppyfry_shop_venom
D:7:      layout_layer_cave, uniq_pikel
D:8:      layout_rooms, grunt_temple_overflow_holy_war, nemelex_altar_shiori
D:9:      minmay_bubble_buster, layout_loops_ring, mainiacjoe_overflow_paths,
          nicolae_hepliaklqana_hippocampus, grunt_lair_entry_orc_guard_hut
D:10:     layout_rooms, orc_0_dummy
D:11:     minmay_ornate_pinched, layout_grid_maze,
          gammafunk_ghost_nasty_kobolds,
          nicolae_uskayaw_murder_on_the_dancefloor
D:12:     layout_loops_ring
D:13:     layout_basic
D:14:     layout_loops_ring, david_vaults_5
D:15:     grunt_enter_depths_hoard, layout_basic
Temple:   zaba_magenta_temple
Lair:1:   layout_cave_pods, nicolae_volcano_entry_s_turn, lemuel_oklob_altar,
          serial_bayou_shore_b
Lair:2:   beast_lair_carwin_large_2, layout_layer_cave,
          elwin_shoals_entry_rooms, grunt_forest_large_clearings,
          serial_bayou_shore_b, lemuel_fruit_tree
Lair:3:   layout_loops_ring, dummy_snake_entry, nicolae_quartered_pool_little,
          uniq_urug
Lair:4:   layout_roguey, special_room [special_room_bee]
Lair:5:   layout_gridlike, beast_lair_carwin_10, uniq_josephine
Lair:6:   grunt_lair_end_beastmaster, layout_cave_shapes, slime_altar_1,
          special_room [special_room_mythical_zoo],
          chequers_serial_rivers_micro_e, lemuel_old_faithful
Snake:1:  layout_layer_cave, serial_shops, nicolae_shop_stone,
          grunt_megastairs_2, minmay_shop_grove
Snake:2:  layout_chambers, nicolae_barding_shop, grunt_megastairs_1
Snake:3:  nicolae_snake_crotalidae_crossing, layout_basic,
          ebering_ghost_rock_garden
Snake:4:  hellmonk_snake_rune_quicksilver_temple, layout_cave_town, basic_altar,
          nicolae_shop_firing_range, grunt_megastairs_3
Orc:1:    layout_caves
Orc:2:    grunt_orc_gardens, layout_caves, grunt_orc_garden, grunt_orc_garden,
          grunt_orc_garden, grunt_orc_garden, ebering_ghost_inner_flame

Skill      XL: |  1  2  3  4  5  6  7  8  9 10 11 12 13 14 15 16 17 |
---------------+----------------------------------------------------+-----
Invocations    | 1 2 3 4 5 6 7 8 9 10 11 12 | 12.6
Short Blades   | 1 2 3 4 5 6 7 8 9 10 11 | 11.7
Long Blades    | 1 2 3 4 5 6 7 8 9 10 11 | 11.7
Maces & Flails | 1 2 3 4 5 6 7 8 9 10 11 | 11.7
Polearms       | 1 2 3 4 5 6 7 8 9 10 11 | 11.7
Staves         | 1 2 3 4 5 6 7 8 9 10 11 | 11.7
Slings         | 1 2 3 4 5 6 7 8 9 10 11 | 11.7
Bows           | 1 2 3 4 5 6 7 8 9 10 11 | 11.7
Crossbows      | 1 2 3 4 5 6 7 8 9 10 11 | 11.7
Throwing       | 1 2 3 4 5 6 7 8 9 10 11 | 11.7
Dodging        | 1 2 3 4 5 6 7 8 9 10 11 | 11.7
Shields        | 1 2 3 4 5 6 7 8 9 10 11 | 11.7
Unarmed Combat | 1 2 3 4 5 6 7 8 9 10 11 | 11.7
Spellcasting   | 1 2 3 4 5 6 7 8 9 10 11 | 11.7
Stealth        | 3 4 5 6 7 8 9 10 11 | 11.9
Conjurations   | 1 2 3 4 5 6 7 8 9 10 | 10.0
Hexes          | 1 2 3 4 5 6 7 8 9 10 | 10.0
Summonings     | 1 2 3 4 5 6 7 8 9 10 | 10.0
Necromancy     | 1 2 3 4 5 6 7 8 9 10 | 10.0
Translocations | 1 2 3 4 5 6 7 8 9 10 | 10.0
Transmutations | 1 2 3 4 5 6 7 8 9 10 | 10.0
Fire Magic     | 1 2 3 4 5 6 7 8 9 10 | 10.0
Ice Magic      | 1 2 3 4 5 6 7 8 9 10 | 10.0
Air Magic      | 1 2 3 4 5 6 7 8 9 10 | 10.0
Earth Magic    | 1 2 3 4 5 6 7 8 9 10 | 10.0
Poison Magic   | 1 2 3 4 5 6 7 8 9 10 | 10.0
Evocations     | 3 4 5 6 7 8 9 10 11 | 11.9
Armour         | 5 6 7 8 9 10 11 12 | 12.4
Fighting       | 7 8 9 10 11 12 13 | 13.1
Axes           | 7 8 9 10 11 12 13 | 13.1

Action                   |  1- 3 |  4- 6 |  7- 9 | 10-12 | 13-15 | 16-18 || total
-------------------------+-------+-------+-------+-------+-------+-------++-------
Melee: Hand axe          |   161 |   142 |   208 |       |       |       ||   511
       Bite              |    23 |    13 |    34 |    75 |   188 |   119 ||   452
       Punch             |     1 |     1 |     1 |       |       |       ||     3
       Flail             |       |       |   108 |   542 |  1312 |   873 ||  2835
       Morningstar       |       |       |       |       |    25 |    17 ||    42
Throw: Dart              |       |    18 |       |       |       |       ||    18
       Javelin           |       |       |       |       |       |     4 ||     4
 Cast: Animate Skeleton  |       |       |       |     5 |    27 |     5 ||    37
       Summon Guardian G |       |       |       |       |       |     3 ||     3
       Olgreb's Toxic Ra |       |       |       |       |       |     1 ||     1
       Swiftness         |       |       |       |       |       |     1 ||     1
       Vampiric Draining |       |       |       |       |       |    31 ||    31
Invok: Renounce Religion |     1 |       |       |       |       |       ||     1
       Heroism           |       |       |       |     1 |     3 |     3 ||     7
       Finesse           |       |       |       |       |     1 |     1 ||     2
Evoke: Wand              |       |       |       |     1 |     6 |     1 ||     8
  Use: Potion            |       |     3 |     2 |       |     2 |     8 ||    15
       Scroll            |       |       |     1 |    10 |    14 |     6 ||    31
 Stab: Sleeping          |     6 |       |       |       |     2 |    10 ||    18
       Petrified         |       |       |       |       |     7 |       ||     7
       Petrifying        |       |       |       |       |     2 |       ||     2
       Distracted        |       |       |       |       |     1 |     2 ||     3
Armor: Robe              |    13 |       |       |       |       |       ||    13
       Scale mail        |    29 |    30 |       |       |       |       ||    59
       Chain mail        |       |    27 |   188 |   256 |   427 |       ||   898
       Plate armour      |       |       |       |       |   301 |    68 ||   369
       Ice dragon scales |       |       |       |       |       |   292 ||   292
Dodge: Dodged            |    41 |    54 |   149 |   401 |   990 |   568 ||  2203
Block: Buckler           |       |       |    22 |   163 |   494 |   334 ||  1013
       Reflection        |       |       |       |       |       |    12 ||    12
